 Dungeon Crawl Stone Soup version 0.28.0 (webtiles) character file.

Game seed: 8092111433857650744

2865 SnakkuSnakku7 the Carver (level 9, 0/71 HPs)
             Began as a Barachi Abyssal Knight on Feb 5, 2022.
             Was an Elder of Lugonu.
             Slain by a killer bee (1 damage)
             ... on level 7 of the Dungeon.
             The game lasted 00:12:41 (5243 turns).

SnakkuSnakku7 the Carver (Barachi Abyssal Knight)   Turns: 5243, Time: 00:12:42

Health: 0/71       AC: 14    Str: 19    XL:     9   Next: 75%
Magic:  13/13      EV:  7    Int: 10    God:    Lugonu [****..]
Gold:   45         SH:  0    Dex: 19    Spells: 8/8 levels left

rFire   . . .      SeeInvis .   a - +1 falchion
rCold   . . .      Faith    .   (no shield)
rNeg    . . .      Spirit   .   y - +0 chain mail
rPois   .          Reflect  .   e - +0 helmet
rElec   .          Harm     .   (no cloak)
rCorr   .          Rampage  .   k - +0 pair of gloves
Will    .....                   K - +2 pair of boots
Stlth   ..........              p - amulet of regeneration
HPRegen 1.01/turn               g - +6 ring of dexterity
MPRegen 0.13/turn               (no ring)

@: mighty, lethally poisoned (0 -> -11), attractive, slow
A: amphibious, slowness 1, strong legs 1, +LOS, low MP 1, robust 1
a: Hop, Renounce Religion, Depart the Abyss, Bend Space, Banish, Corrupt


You were on level 7 of the Dungeon.
You worshipped Lugonu.
Lugonu was greatly pleased with you.
You visited 1 branch of the dungeon, and saw 7 of its levels.
You visited the Abyss 1 time.
You also visited: Sewer.

You collected 320 gold pieces.
You spent 275 gold pieces at shops.

Inventory:

Hand Weapons
 a - a +1 falchion (weapon)
Missiles
 r - 7 poisoned darts (quivered)
 C - a curare-tipped dart
 G - a throwing net
Armour
 e - a +0 helmet (worn)
 k - a +0 pair of gloves (worn)
 y - a +0 chain mail (worn)
 K - a +2 pair of boots (worn)
Jewellery
 g - a +6 ring of dexterity (left hand)
 o - a ring of ice
 p - an amulet of regeneration (around neck)
 w - the amulet of Jealousy {Spirit Rampage rF+ Dex-3}
   (You found it on level 4 of the Dungeon)

   [amulet of guardian spirit]

   It causes incoming damage to be divided between your reserves of health and
   magic.
   Dex:       It affects your dexterity (-3).
   rF:        It protects you from fire.
   Rampage:   It bestows one free step when moving towards enemies.
 F - an amulet of faith
Wands
 m - a wand of paralysis (17)
Scrolls
 b - a scroll of noise {unknown}
 c - 8 scrolls of identify {unknown}
 f - 3 scrolls of enchant weapon {unknown}
 i - a scroll of vulnerability {unknown}
 l - 3 scrolls of teleportation {unknown}
 q - a scroll of enchant armour {unknown}
 s - a scroll of brand weapon {unknown}
 t - 3 scrolls of amnesia {unknown}
 v - 3 scrolls of immolation {unknown}
 x - a scroll of summoning {unknown}
 B - 2 scrolls of magic mapping
 D - a scroll of fog {unknown}
 J - a scroll of silence {unknown}
Potions
 d - a potion of degeneration {unknown}
 h - a potion of cancellation {unknown}
 n - a potion of attraction
 u - a potion of heal wounds {unknown}
 z - 2 potions of might
 A - a potion of mutation
 E - a potion of lignification {unknown}
 H - a potion of haste {unknown}
 I - a potion of curing {unknown}


   Skills:
 - Level 4.2 Fighting
 + Level 11.9 Long Blades
 - Level 2.4 Armour
 - Level 1.1 Dodging
 - Level 8.0 Invocations


You had 8 spell levels left.
You didn't know any spells.
Your spell library was empty.

Dungeon Overview and Level Annotations

Branches:
Dungeon (7/15)             Temple (0/1) D:4           Sewer (visited)

Altars:
Trog
Wu Jian

Shops:
D:2 [   D:5 [   D:7 !


Innate Abilities, Weirdness & Mutations

You are amphibious.
You cover ground slowly.
You can hop short distances.
You have an extended range of vision and can be seen from far away.
Your magical capacity is low. (-10% MP)
You are robust. (+10% HP)


Message History

You miss the killer bee.
The killer bee is almost dead.
You feel very sick. The killer bee stings you.
You are more poisoned.
The killer bee poisons you! The killer bee barely misses you. x2
You miss the killer bee.
The killer bee is almost dead.
You feel very sick. The killer bee stings you.
* * * LOW HITPOINT WARNING * * *
The killer bee barely misses you. The killer bee stings you.
* * * LOW HITPOINT WARNING * * *
You are lethally poisoned!
The killer bee poisons you!
It was a potion of might.
You feel very mighty all of a sudden.
* * * LOW HITPOINT WARNING * * *
You feel very sick.
The killer bee stings you but does no damage. x2
The killer bee barely misses you.
The killer bee stings you but does no damage.
It was a potion of attraction.
You feel attractive to monsters.
* * * LOW HITPOINT WARNING * * *
You feel very sick.
The killer bee stings you but does no damage.
The killer bee barely misses you. The killer bee stings you.
* * * LOW HITPOINT WARNING * * *
You are more poisoned.
The killer bee poisons you!
The killer bee stings you but does no damage.
It was a potion of mutation.
You feel extremely strange.
You feel robust.
You feel less energetic.
You are ready to hop once more.
* * * LOW HITPOINT WARNING * * *
You feel very sick. The killer bee barely misses you.
The killer bee completely misses you. The killer bee closely misses you.
The killer bee stings you.
You die...

*,,,#.....#*+###***+***,,****,,
*,,,#.....#,...##*,,,***+*,,,,,
*,,,#.....#,,...#,,,,,,,,*,,,,,
*,,,#.....#,,...#,,,,,,,,*,,,,,
*,,,#.....#,,...#,,,,,,,,*,,,,,
*###+##.∩...#+##..#*********,,,,,
...............#..#,,,,,,,,,,,,,*
.............Zyyy.#,,,,,,,,,,,,,*
...............#@.#,,,,,,,,,,,,,*
.[............y#.>#,,,,,,,,,,,,,*
...#####+##..$.#..#,,,,,,,,,,,,,*
...*,,,,,,#....#..#,,,,,,,,,,,,,*
..,*,,,,,,#....#..#,,,,**********
,,^+,,,,,,#....#..#,,,,*,,,,,,,,,
,,,*,,,,,,#....#..#,,,,*,,,,,<,,,
,,,*,,,,,,#....+..#,,,,*,,,,,,,,,
,,,*******#....####,,,,*+********


You could see 3 killer bees and a bullfrog skeleton.

Vanquished Creatures
  Eustachio (D:5)
  A steam dragon (D:6)
  2 ice beasts (D:6)
  2 sky beasts
  2 black bears (D:5)
  2 ogres (D:6)
  A phantom (D:5)
  A centaur (D:6)
  2 kobold brigands (Sewer)
  5 scorpions
  A wyvern skeleton (D:6)
  2 hounds
  An orc priest (D:7)
  A gnoll shaman (D:4)
  A bullfrog skeleton (D:5)
  A centaur skeleton (D:6)
  Natasha (twice) (D:3)
  5 iguanas
  3 orc wizards
  4 gnolls (D:4)
  7 adders
  A howler monkey skeleton (D:7)
  2 white imps
  An ufetubus (D:2)
  2 dart slugs
  12 orcs
  11 ball pythons
  7 endoplasms
  4 giant cockroaches
  13 goblins
  7 hobgoblins
  4 jackals (D:1)
  15 kobolds
  6 quokkas
  5 bats
  3 frilled lizards
  7 rats
147 creatures vanquished.

Notes
Turn   | Place    | Note
-------+----------+-------------------------------------------
     0 | Abyss:1  | SnakkuSnakku7 the Barachi Abyssal Knight began the quest
                  | for the Orb.
     0 | Abyss:1  | Reached XP level 1. HP: 18/18 MP: 2/2
    10 | D:1      | Escaped the Abyss
    97 | D:1      | Reached XP level 2. HP: 19/25 MP: 3/3
   172 | D:1      | Found a faded altar of an unknown god.
   240 | D:1      | Reached skill level 3 in Long Blades
   553 | D:1      | Reached ** piety under Lugonu
   593 | D:1      | Reached XP level 3. HP: 29/30 MP: 4/4
   786 | D:2      | Found Kedets's Armour Shop.
   786 | D:2      | Found a bloodstained altar of Trog.
  1343 | D:2      | Reached skill level 4 in Long Blades
  1395 | D:2      | Reached XP level 4. HP: 37/37 MP: 5/5
  1621 | D:2      | Bought a +0 pair of gloves for 58 gold pieces
  1961 | D:3      | Noticed Natasha
  1972 | D:3      | Killed Natasha
  1992 | D:3      | Noticed Natasha
  1999 | D:3      | Killed Natasha
  2000 | D:3      | Reached XP level 5. HP: 33/42 MP: 5/7
  2039 | D:3      | You fall into a shaft and drop 3 floors!
  2052 | D:5      | Entered Level 5 of the Dungeon
  2053 | D:5      | Noticed a black bear
  2068 | D:6      | Reached skill level 5 in Long Blades
  2074 | D:6      | Noticed a steam dragon
  2087 | D:6      | Killed a steam dragon
  2088 | D:6      | Reached XP level 6. HP: 31/48 MP: 8/8
  2114 | D:5      | Killed a black bear
  2115 | D:5      | Reached skill level 6 in Long Blades
  2134 | D:5      | Reached *** piety under Lugonu
  2135 | D:5      | Reached XP level 7. HP: 46/54 MP: 10/10
  2260 | D:4      | Identified the amulet of Jealousy {Spirit Rampage rF+
                  | Dex-3}
  2307 | D:4      | Found a staircase to the Ecumenical Temple.
  2425 | D:4      | Found a glowing drain.
  2456 | Sewer    | Entered a sewer
  2552 | Sewer    | Reached skill level 7 in Long Blades
  2615 | Sewer    | Reached skill level 5 in Invocations
  3024 | D:3      | Reached XP level 8. HP: 60/60 MP: 10/12
  3520 | D:5      | Reached skill level 8 in Long Blades
  3554 | D:5      | Reached **** piety under Lugonu
  3823 | D:5      | Noticed Eustachio
  3855 | D:5      | Killed Eustachio
  3856 | D:5      | Reached skill level 9 in Long Blades
  3898 | D:5      | Found Uloniu Gokov's Antique Armour Boutique.
  4154 | D:5      | Found an ornate altar of the Wu Jian Council.
  4400 | D:6      | Reached XP level 9. HP: 45/65 MP: 14/14
  4487 | D:6      | Reached skill level 10 in Long Blades
  4504 | D:6      | Noticed a two-headed ogre
  4507 | D:6      | Banished a two-headed ogre
  4543 | D:6      | Reached skill level 11 in Long Blades
  4834 | D:5      | Bought a pair of embroidered boots for 217 gold pieces
  5124 | D:7      | Identified the +0 dagger of the Shoals {vorpal, rPois rF+
                  | rC-}
  5203 | D:7      | Found Jaboiz's Distillery.
  5243 | D:7      | Gained mutation: You are robust. (+10% HP) [potion of
                  | mutation]
  5243 | D:7      | Gained mutation: Your magical capacity is low. (-10% MP)
                  | [potion of mutation]
  5243 | D:7      | HP: 1/71 [poisoned by a killer bee]
  5243 | D:7      | Slain by a killer bee

Illustrated notes

Levels and vault maps discovered:
D:1:      lemuel_arrival_funnel, layout_loops_ring,
          shapermc_ecumenical_altar_hornbeckon
D:2:      cheibrodos_greedy_goblins, layout_rooms, basic_altar, serial_shops,
          shop
D:3:      layout_loops_cross, uniq_natasha
D:4:      layout_rooms, minmay_temple_entry_nine_rooms, portal_sewer_entry_f,
          hangedman_glass_teeth, chequers_hall_statues_wall_a
D:5:      layout_cave_pods, nicolae_wu_jian_immortal_techniques, serial_shops,
          shop, uniq_eustachio
D:6:      kennysheep_spiral_hall, layout_gridville
D:7:      layout_gridville, serial_shops, nicolae_square_shop, shop, shop,
          grunt_ministairs_3, minmay_diced_spiral, uniq_menkaure

Skill      XL: |  1  2  3  4  5  6  7  8  9 |
---------------+----------------------------+-----
Fighting       | 4 |  4.2
Long Blades    | 3 4 5 6 7 9 11 | 11.9
Invocations    | 2 3 4 5 7 8 |  8.0
Armour         | |  2.4
Dodging        | |  1.1

Action                   |  1- 3 |  4- 6 |  7- 9 || total
-------------------------+-------+-------+-------++-------
Melee: Falchion          |   122 |   119 |   463 ||   704
       Punch             |     3 |     2 |     6 ||    11
Throw: Dart              |       |     4 |    16 ||    20
Invok: Banish            |       |       |     1 ||     1
 Abil: Hop               |       |       |     2 ||     2
Evoke: Wand              |       |     3 |       ||     3
  Use: Potion            |       |       |     3 ||     3
       Scroll            |       |       |     1 ||     1
 Stab: Sleeping          |     1 |       |       ||     1
       Paralysed         |       |    11 |       ||    11
Armor: Leather armour    |    56 |       |       ||    56
       Scale mail        |       |    47 |     7 ||    54
       Chain mail        |       |       |   273 ||   273
Dodge: Dodged            |   103 |    51 |   162 ||   316
